 Dungeon Crawl Stone Soup version 0.26-a0-52-gd53d4cd058 (webtiles) character file.

Game seed: 12034082232376775991

4801 inmateoo the Slicer (level 10, 0/79 HPs)
             Began as a Hill Orc Assassin on May 29, 2020.
             Was a Believer of Hepliaklqana.
             Slain by a hippogriff (2 damage)
             ... while petrified by a basilisk
             ... on level 9 of the Dungeon on June 6, 2020.
             The game lasted 00:24:25 (13413 turns).

inmateoo the Slicer (Hill Orc Assassin)            Turns: 13413, Time: 00:24:26

Health: 0/79       AC:  6    Str: 15    XL:     10   Next: 48%
Magic:  12/12      EV:  2    Int: 11    God:    Hepliaklqana [**....]
Gold:   605        SH:  0    Dex: 15    Spells: 9/12 levels left

rFire    + . .     SeeInvis .   v - +7 Spriggan's Knife {stab, EV+4 Stlth+}
rCold    . . .     Gourm    .   (no shield)
rNeg     + + +     Faith    .   b - +0 robe
rPois    ∞         Spirit   .   (no helmet)
rElec    .         Reflect  +   c - +1 cloak
rCorr    .         Harm     .   x - +0 pair of gloves
MR       .....                  j - +0 pair of boots
Stlth    +++++.....             L - amulet of reflection
HPRegen  0.23/turn              C - ring of protection from fire
MPRegen  0.13/turn              (no ring)

@: petrified
A: reduced essence
a: Recall Ancestor, Ancestor Identity, Renounce Religion


You were on level 9 of the Dungeon.
You worshipped Hepliaklqana.
Hepliaklqana was pleased with you.
You were not hungry.

You visited 2 branches of the dungeon, and saw 10 of its levels.
You also visited: Sewer and Ossuary.

You collected 605 gold pieces.

Inventory:

Hand Weapons
 v - the +7 Spriggan's Knife (weapon) {stab, EV+4 Stlth+}
   (You found it on level 5 of the Dungeon)

   It affects your evasion (+4).
   It makes you more stealthy.
Missiles
 d - 24 poisoned darts
 e - a curare-tipped dart
 q - 10 silver boomerangs (quivered)
Armour
 b - a +0 robe (worn)
 c - a +1 cloak (worn)
 j - a +0 pair of boots (worn)
 o - a +0 buckler
 x - a +0 pair of gloves (worn)
 M - a +0 ring mail of fire resistance
Jewellery
 C - a ring of protection from fire (left hand)
 L - an amulet of reflection (around neck)
Wands
 s - a wand of clouds (4)
 u - a wand of paralysis (2)
 K - a wand of digging (5)
Scrolls
 g - 4 scrolls of remove curse
 h - a scroll of blinking
 l - 3 scrolls of fog
 t - 4 scrolls of teleportation
 w - 6 scrolls of enchant weapon
 y - 5 scrolls of identify
 A - a scroll of noise
 E - 2 scrolls of immolation
 F - a scroll of fear
 H - a scroll of enchant armour
 I - a scroll of magic mapping
Potions
 a - 3 potions of lignification
 i - 4 potions of flight
 k - a potion of might
 m - 2 potions of mutation
 n - a potion of brilliance
 p - a potion of stabbing
 r - 5 potions of curing
 z - a potion of heal wounds
 B - a potion of haste
 D - 2 potions of invisibility
 G - a potion of magic
Comestibles
 f - 18 rations
 J - 2 chunks of flesh


   Skills:
 + Level 7.7 Fighting
 * Level 9.0 Short Blades
 - Level 4.0 Throwing
 + Level 2.7 Armour
 + Level 3.7 Dodging
 + Level 7.4 Stealth
 + Level 1.8 Spellcasting
 + Level 3.4 Invocations


You had 9 spell levels left.
You knew the following spells:

 Your Spells              Type           Power        Failure   Level  Hunger
a - Apportation           Tloc           #.....       30%         1    ##.....
b - Passwall              Tmut/Erth      #.......     41%         2    ###....

Your spell library contained the following spells:

 Spells                   Type           Power        Failure   Level  Hunger
 Animate Skeleton         Necr           N/A          30%         1    ##.....
 Beastly Appendage        Tmut           #.....       30%         1    ##.....
 Corona                   Hex            #......      30%         1    ##.....
 Sandblast                Erth           #.....       30%         1    ##.....
 Summon Small Mammal      Summ           #...         30%         1    ##.....
 Sticks to Snakes         Tmut           #.......     41%         2    ###....
 Spider Form              Tmut/Pois      #.........   65%         3    ####...
 Stone Arrow              Conj/Erth      #.....       65%         3    ####...
 Ice Form                 Ice/Tmut       #.......     96%         4    #####..
 Petrify                  Tmut/Erth      #.......     96%         4    #####..
 Blade Hands              Tmut           #.........   100%        5    ######.
 Lee's Rapid Deconstruct  Erth           #.........   100%        5    ######.


Dungeon Overview and Level Annotations

Branches:
Dungeon (9/15)             Temple (1/1) D:6             Orc (0/2) D:9
  Sewer (visited)         Ossuary (visited)
   Lair: D:8-11

Altars:
Ashenzari
Cheibriados
Dithmenos
Elyvilon
Fedhas
Gozag
Hepliaklqana
Kikubaaqudgha
Makhleb
Nemelex Xobeh
Okawaru
Qazlal
Ru
Sif Muna
Trog
Uskayaw
Vehumet
Wu Jian
Xom
Yredelemnul
Zin
The Shining One


Message History

The troll bites you! The troll completely misses you. The troll claws you.
The basilisk gazes at you. You resist with some effort. The basilisk bites you!
* * * LOW HITPOINT WARNING * * *
The hippogriff bites you.
* * * LOW HITPOINT WARNING * * *
The hippogriff pecks you.
* * * LOW HITPOINT WARNING * * *
The hippogriff completely misses you. The troll bites you!
* * * LOW HITPOINT WARNING * * *
The troll claws you!
* * * LOW HITPOINT WARNING * * *
The troll claws you but does no damage. The basilisk bites you!
* * * LOW HITPOINT WARNING * * *
The basilisk bites you.
* * * LOW HITPOINT WARNING * * *
The hippogriff bites you but does no damage.
The hippogriff pecks you.
You die...

##.############
#.............#
#..####..####.#
#..####..####.#
#.[.........#.#
#..####..>....#
#.#####.......#
###l..........#.#
#.@H.<...#..###.#
#.lT###...#####.#
# #...##.....
#...###
#...#......
#...... #...# ..
P ####### #.... #
#..... ......
#.......


You could see a hippogriff (drained), a troll and 2 basilisks.

Vanquished Creatures
  Joseph (D:7)
  A hippogriff (D:8)
  A human (D:7)
  2 hogs (D:7)
  Menkaure (Ossuary)
  2 water moccasins
  3 orc warriors
  4 sky beasts
  3 ice beasts
  An ogre (D:7)
  The ghost of PIKKUHERKKO the Chopper, an amateur DsGl (D:5)
  2 centaurs
  6 bullfrogs
  A wyvern zombie (D:8)
  A scorpion (D:6)
  A vampire bat (D:5)
  A crimson imp (D:9)
  3 hounds
  4 centaur zombies
  A jelly (D:5)
  Crazy Yiuf (D:7)
  6 orc priests
  An iguana (D:7)
  7 orc wizards
  5 worker ants
  2 ogre zombies (Ossuary)
  6 mummies
  17 adders
  6 gnolls
  2 shadow imps
  6 oozes (Sewer)
  5 adder zombies
  A worm (D:5)
  A dart slug (D:1)
  8 leopard geckos
  35 orcs
  16 bats
  12 giant cockroaches
  2 gnoll zombies (Ossuary)
  2 goblins
  6 hobgoblins
  13 jackals
  7 kobolds
  4 quokkas
  10 ball pythons (Sewer)
  A ball python skeleton (D:4)
  12 frilled lizards
  5 goblin zombies (Ossuary)
  2 hobgoblin zombies (Ossuary)
  A jackal skeleton (D:6)
  4 kobold zombies (Ossuary)
  2 quokka zombies (Ossuary)
  7 rats
  5 rat zombies (Ossuary)
260 creatures vanquished.

Vanquished Creatures (collateral kills)
  A yak (D:7)
  A hog (D:7)
  An ice beast (D:8)
  A scorpion (D:9)
  A bullfrog skeleton (D:7)
  A mummy (Ossuary)
  A gnoll (D:7)
  2 orcs (D:9)
  A jackal (D:7)
  A rat zombie (Ossuary)
11 creatures vanquished.

Vanquished Creatures (others)
  2 ancestors (D:8)
  A hexer (D:9)
3 creatures vanquished.

Grand Total: 274 creatures vanquished

Notes
Turn   | Place    | Note
-------+----------+-------------------------------------------
     0 | D:1      | inmateoo the Hill Orc Assassin began the quest for the Orb.
     0 | D:1      | Reached XP level 1. HP: 18/18 MP: 1/1
   491 | D:1      | Reached XP level 2. HP: 11/25 MP: 2/2
  1442 | D:1      | Reached skill level 1 in Dodging
  1717 | D:2      | Reached XP level 3. HP: 20/30 MP: 3/3
  2646 | D:2      | Found a radiant altar of Vehumet.
  3110 | D:3      | Reached XP level 4. HP: 26/38 MP: 4/4
  4416 | D:3      | Reached XP level 5. HP: 30/45 MP: 5/5
  4994 | D:4      | Reached skill level 3 in Short Blades
  5007 | D:4      | Reached XP level 6. HP: 41/52 MP: 6/6
  5260 | D:4      | Found a glowing drain.
  5267 | Sewer    | Entered a sewer
  5268 | Sewer    | Upgraded the game from 0.26-a0-30-g56b8cd3df0 to
                  | 0.26-a0-52-gd53d4cd058
  5813 | Sewer    | Reached XP level 7. HP: 55/60 MP: 7/7
  6412 | D:5      | Entered Level 5 of the Dungeon
  6412 | D:5      | Found a sacrificial altar of Ru.
  6430 | D:5      | Learned a level 1 spell: Apportation
  6438 | D:5      | Found the +7 Spriggan's Knife {stab, EV+4 Stlth+}
  6790 | D:5      | Reached skill level 4 in Short Blades
  6795 | D:5      | Reached skill level 5 in Fighting
  6795 | D:5      | Reached skill level 5 in Stealth
  7107 | D:5      | Reached XP level 8. HP: 53/69 MP: 8/8
  8584 | D:6      | Found a runed translucent door.
  8585 | D:6      | Noticed PIKKUHERKKO's ghost (amateur DsGl)
  8646 | D:5      | Killed PIKKUHERKKO's ghost
  8893 | D:6      | Reached skill level 5 in Short Blades
  8897 | D:6      | Found a shimmering blue altar of Sif Muna.
  8984 | D:6      | Reached XP level 9. HP: 78/78 MP: 9/9
  9035 | D:6      | Found a staircase to the Ecumenical Temple.
  9119 | Temple   | Entered the Ecumenical Temple
  9358 | Temple   | Became a worshipper of Hepliaklqana the Forgotten
  9658 | D:7      | Reached skill level 6 in Short Blades
  9720 | D:7      | Reached skill level 7 in Short Blades
  9900 | D:7      | Found a sand-covered staircase.
  9907 | Ossuary  | Entered an ossuary
 10111 | Ossuary  | Reached skill level 8 in Short Blades
 10344 | Ossuary  | Noticed Menkaure
 10531 | Ossuary  | Killed Menkaure
 10531 | Ossuary  | Reached skill level 1 in Invocations
 10881 | D:7      | Noticed Joseph
 10895 | D:7      | Killed Joseph
 10895 | D:7      | Reached skill level 1 in Armour
 10895 | D:7      | Reached skill level 1 in Spellcasting
 10909 | D:7      | Reached XP level 10. HP: 66/77 MP: 11/11
 11349 | D:7      | Reached * piety under Hepliaklqana
 11553 | D:7      | Found a runed translucent door.
 11554 | D:7      | Noticed Crazy Yiuf
 11561 | D:7      | Killed Crazy Yiuf
 12061 | D:8      | Learned a level 2 spell: Passwall
 12523 | D:7      | Got a shimmering mace
 12524 | D:7      | Identified the cursed +2 mace of Diet Blood {vorpal,
                  | +Blink} (You found it on level 7 of the Dungeon)
 12875 | D:9      | Reached ** piety under Hepliaklqana
 12876 | D:9      | Remembered your ancestor Barb4ar1an as a hexer
 12889 | D:9      | Found a staircase to the Orcish Mines.
 13061 | D:9      | Reached skill level 9 in Short Blades
 13413 | D:9      | HP: 3/79 [basilisk (6)]
 13413 | D:9      | Slain by a hippogriff

Illustrated notes

Levels and vault maps discovered:
D:1:      minmay_arrival_glassed_features, layout_basic
D:2:      layout_basic, lemuel_coloured_pillars_altar, kennysheep_generic_room_7
D:3:      layout_rooms
D:4:      layout_gridville, portal_sewer_entry_e, wad_floor_pattern_1
D:5:      layout_loops_cross, first_ration, basic_altar, roderic_batcave,
          kennysheep_flooded_box
D:6:      layout_rooms, lemuel_temple_firewalk_a, ebering_ghost_inner_flame,
          basic_altar, kennysheep_doodads
D:7:      layout_basic, gup_ossuary_entry_pyramid, grunt_livestock, uniq_joseph,
          uniq_crazy_yiuf_cottage
D:8:      layout_basic
D:9:      layout_loops_cross, david_lair_generic, david_orc_2,
          kennysheep_generic_room_11
Temple:   nicolae_temple_the_god_donut

Skill      XL: |  1  2  3  4  5  6  7  8  9 10 |
---------------+-------------------------------+-----
Throwing       | 2 3 4 |  4.0
Dodging        | 1 2 3 |  3.7
Fighting       | 3 4 5 6 7 |  7.7
Stealth        | 4 5 6 7 |  7.4
Short Blades   | 3 4 5 8 9 |  9.0
Invocations    | 1 3 |  3.4
Armour         | 1 2 |  2.7
Spellcasting   | 1 |  1.8

Action                   |  1- 3 |  4- 6 |  7- 9 | 10-12 || total
-------------------------+-------+-------+-------+-------++-------
Melee: Dagger            |   211 |   285 |    36 |       ||   532
       Knife             |       |       |   366 |   155 ||   521
Throw: Dart              |    34 |    24 |     1 |       ||    59
       Boomerang         |       |       |     4 |       ||     4
Invok: Ancestor Life: He |       |       |       |     1 ||     1
       Ancestor Identity |       |       |       |     1 ||     1
Evoke: Wand              |       |       |     8 |       ||     8
  Use: Scroll            |     6 |     7 |     8 |     4 ||    25
       Potion            |       |     4 |     1 |       ||     5
 Stab: Sleeping          |    10 |     7 |    38 |    13 ||    68
  Eat: Chunk             |     6 |    10 |    10 |     7 ||    33
       Ration            |       |       |     2 |       ||     2
Armor: Robe              |    67 |    80 |    72 |    22 ||   241
Dodge: Dodged            |   152 |   194 |   265 |   104 ||   715
Block: Other             |       |       |       |     2 ||     2

Table legend:
 A = Non-vault XP
 B = Vault XP
 C = Vault XP percentage of total XP
 D = Non-vault monster count
 E = Vault monster count
 F = Vault count percentage of total count
                 A         B        C        D         E       F
            +---------+---------+-------+---------+---------+-------
      Total |    4188 |    2671 |  38.9 |     162 |     109 |  40.2
            +---------+---------+-------+---------+---------+-------
        D:1 |      31 |       0 |   0.0 |      19 |       0 |   0.0
        D:2 |      46 |       3 |   6.1 |      14 |       2 |  12.5
        D:3 |     116 |       0 |   0.0 |      25 |       0 |   0.0
        D:4 |     250 |       0 |   0.0 |      15 |       0 |   0.0
        D:5 |     756 |     180 |  19.2 |      19 |      10 |  34.5
        D:6 |     851 |      11 |   1.3 |      26 |       1 |   3.7
        D:7 |     570 |    1479 |  72.2 |      17 |       8 |  32.0
        D:8 |    1116 |       0 |   0.0 |      13 |       0 |   0.0
        D:9 |     452 |     157 |  25.8 |      14 |       8 |  36.4
      Sewer |       0 |     317 | 100.0 |       0 |      43 | 100.0
    Ossuary |       0 |     524 | 100.0 |       0 |      37 | 100.0
            +---------+---------+-------+---------+---------+-------
